 Dungeon Crawl Stone Soup version 0.27.0-1-g7a089689b8 (webtiles) character file.

Game seed: 13707876291675314278

808 hawla the Reanimator (level 7, -7/40 HPs)
             Began as a Deep Elf Necromancer on Aug 8, 2021.
             Mangled by an iguana (11 damage)
             ... on level 4 of the Dungeon.
             The game lasted 00:13:06 (6319 turns).

hawla the Reanimator (Deep Elf Necromancer)         Turns: 6319, Time: 00:13:07

Health: -7/40      AC:  5    Str:  5    XL:     7   Next: 60%
Magic:  3/18       EV: 13    Int: 22    God:
Gold:   140        SH:  0    Dex: 15    Spells: 10/18 levels left

rFire    . . .     SeeInvis .   g - +2 whip (venom)
rCold    . . .     Faith    .   (no shield)
rNeg     . . .     Spirit   .   a - +1 robe
rPois    .         Reflect  .   p - +0 helmet
rElec    .         Harm     .   (no cloak)
rCorr    .         Rampage  .   m - +0 pair of gloves
Will     .....                  (no boots)
Stlth    ++........             (no amulet)
HPRegen  0.13/turn              (no ring)
MPRegen  0.16/turn              (no ring)

@: brilliant
A: no striking features
a: no special abilities


You were on level 4 of the Dungeon.
You visited 1 branch of the dungeon, and saw 4 of its levels.

You collected 140 gold pieces.

Inventory:

Hand Weapons
 g - a +2 whip of venom (weapon)
Missiles
 i - 2 curare-tipped darts (quivered)
Armour
 a - a +1 robe (worn)
 m - a +0 pair of gloves (worn)
 p - a +0 helmet (worn)
Jewellery
 q - a +4 ring of evasion
Wands
 h - a wand of iceblast (8)
Scrolls
 b - a scroll of amnesia
 c - 3 scrolls of silence
 d - 2 scrolls of fog
 o - a scroll of identify
 s - a scroll of torment {unknown}
Potions
 e - a potion of haste
 j - a potion of cancellation {unknown}
 k - a potion of curing {unknown}
 l - a potion of flight {unknown}
 n - a potion of resistance {unknown}
 r - a potion of heal wounds {unknown}


   Skills:
 + Level 2.2 Fighting
 + Level 1.3 Staves
 + Level 3.9 Dodging
 + Level 3.3 Stealth
 + Level 6.3 Spellcasting
 + Level 8.3 Necromancy
 + Level 0.2 Evocations


You had 10 spell levels left.
You knew the following spells:

 Your Spells              Type           Power      Damage    Failure   Level
a - Pain                  Necr           100%       1d9       1%          1
b - Vampiric Draining     Necr           30%        2d10      1%          3
c - Animate Dead          Necr           30%        N/A       2%          4

Your spell library contained the following spells:

 Spells                   Type           Power      Damage    Failure   Level
 Animate Skeleton         Necr           100%       N/A       1%          1
 Agony                    Necr           60%        N/A       8%          5
 Freeze                   Ice            40%        1d6       9%          1
 Frozen Ramparts          Ice            20%        1d4       26%         3
 Hailstorm                Conj/Ice       10%        3d5       65%         4


Dungeon Overview and Level Annotations

Branches:
Dungeon (4/15)
 Temple: D:4-7

Altars:
Fedhas
Wu Jian
Xom
The Shining One

Annotations:
D:4 Duvessa


Message History

Confirm with . or Enter, or press ? or * to list all spells.
Aiming: Vampiric Draining (safe; 1% risk of failure)
Press: ? - help, Shift-Dir - straight line, f/p - Dowan
Aim: Dowan, wielding a +0 lajatang and wearing a +0 robe (severely wounded)
You draw life force from Dowan!
You kill Dowan!
Duvessa screams, "No!
How DARE you!"
Duvessa goes berserk!
You feel life coursing into your body.
The iguana bites you but does no damage.
Duvessa closely misses you.
Casting: Vampiric Draining (safe; 1% risk of failure)
Confirm with . or Enter, or press ? or * to list all spells.
Aiming: Vampiric Draining (safe; 1% risk of failure)
Press: ? - help, Shift-Dir - straight line, f - Duvessa
Aim: Duvessa, wielding a +0 short sword, wearing a +0 leather armour and quivering stones (berserk, fast)
You draw life force from Duvessa.
You feel life coursing into your body. The iguana misses you.
Duvessa hits you with a +0 short sword!
Casting: Vampiric Draining (safe; 1% risk of failure)
Confirm with . or Enter, or press ? or * to list all spells.
Aiming: Vampiric Draining (safe; 1% risk of failure)
Press: ? - help, Shift-Dir - straight line, f/p - Duvessa
Aim: Duvessa, wielding a +0 short sword, wearing a +0 leather armour and quivering stones (lightly wounded, berserk, fast)
You draw life force from Duvessa!
You feel life coursing into your body. Duvessa hits you with a +0 short sword.
The iguana barely misses you. Duvessa hits you with a +0 short sword.
* * * LOW HITPOINT WARNING * * *
Casting: Vampiric Draining (safe; 1% risk of failure)
Confirm with . or Enter, or press ? or * to list all spells.
Aiming: Vampiric Draining (safe; 1% risk of failure)
Press: ? - help, Shift-Dir - straight line, f/p - Duvessa
Aim: Duvessa, wielding a +0 short sword, wearing a +0 leather armour and quivering stones (moderately wounded, berserk, fast)
You draw life force from Duvessa!
You feel life coursing into your body. The iguana barely misses you.
Duvessa hits you with a +0 short sword!
* * * LOW HITPOINT WARNING * * *
It was a potion of brilliance.
You feel clever all of a sudden. Duvessa hits you with a +0 short sword.
* * * LOW HITPOINT WARNING * * *
The iguana bites you!
You die...

≈≈≈§§§#............
....... ...
≈###§##...#........
........ #. § #§#
####).......###......####.
#§#
...........###........#.
≈≈. .......
#....#........#. ..
....... #..............
###
.......###............#.
#.)..l#..............##
#....e@##.............#
###...###...........###
#### #......#.#.##
#......##### ####...#
#####


You could see Duvessa (berserk, fast) and an iguana.

Vanquished Creatures
  Sigmund (D:2)
  An ice beast (D:4)
  An ogre (D:4)
  A bullfrog (D:4)
  Dowan (D:4)
  A howler monkey (D:4)
  A centaur skeleton (D:4)
  2 hounds (D:4)
  A bullfrog skeleton (D:4)
  Jessica (D:2)
  An iguana (D:4)
  An orc wizard (D:3)
  Robin (D:4)
  An adder (D:4)
  3 gnolls
  A worm (D:2)
  2 dart slugs
  3 orcs (D:3)
  5 bats
  7 endoplasms
  2 giant cockroaches
  11 goblins
  10 hobgoblins
  11 jackals
  2 kobolds
  3 quokkas
  4 ball pythons
  6 frilled lizards
  5 rats
90 creatures vanquished.

Notes
Turn   | Place    | Note
-------+----------+-------------------------------------------
     0 | D:1      | hawla the Deep Elf Necromancer began the quest for the Orb.
     0 | D:1      | Reached XP level 1. HP: 10/10 MP: 6/6
   312 | D:1      | Reached skill level 5 in Necromancy
   560 | D:1      | Reached skill level 1 in Fighting
   560 | D:1      | Reached XP level 2. HP: 9/16 MP: 1/8
  1082 | D:1      | Reached XP level 3. HP: 18/20 MP: 6/9
  1924 | D:2      | Learned a level 3 spell: Vampiric Draining
  2124 | D:2      | Noticed Jessica
  2130 | D:2      | Killed Jessica
  2131 | D:2      | Reached XP level 4. HP: 22/25 MP: 6/11
  2138 | D:2      | Learned a level 4 spell: Animate Dead
  2665 | D:2      | Noticed Sigmund
  3236 | D:2      | Found a glowing golden altar of the Shining One.
  3269 | D:2      | Found a faded altar of an unknown god.
  3649 | D:2      | Killed Sigmund
  3650 | D:2      | Reached skill level 6 in Necromancy
  3650 | D:2      | Reached skill level 1 in Staves
  3650 | D:2      | Reached skill level 7 in Necromancy
  3650 | D:2      | Reached XP level 5. HP: 30/30 MP: 4/13
  3863 | D:3      | Found an ornate altar of the Wu Jian Council.
  4551 | D:3      | Reached XP level 6. HP: 20/35 MP: 3/14
  4997 | D:4      | Noticed Robin
  5014 | D:4      | Killed Robin
  5152 | D:4      | Noticed Duvessa
  5154 | D:4      | Noticed Dowan
  5510 | D:4      | Found a blossoming altar of Fedhas.
  5516 | D:4      | Found a shimmering altar of Xom.
  5528 | D:4      | Reached skill level 5 in Spellcasting
  5613 | D:4      | Reached XP level 7. HP: 27/40 MP: 14/17
  5831 | D:4      | Reached skill level 8 in Necromancy
  6315 | D:4      | Killed Dowan
  6319 | D:4      | Mangled by an iguana

Illustrated notes

Levels and vault maps discovered:
D:1:      amcnicky_arrival_underground_garden, layout_basic, minmay_pentomino_s4
D:2:      layout_basic, shapermc_ecumenical_altar_venn, basic_altar,
          minivault_23, uniq_jessica, uniq_sigmund
D:3:      layout_loops_corners, nicolae_wu_jian_wuxing_cycle,
          kennysheep_generic_room_12
D:4:      kennysheep_spiral_hall, layout_cave_pools, tgw_xom, fedhas_altar_1,
          kennysheep_mini_moat, kennysheep_generic_room_13, uniq_robin,
          uniq_duvessa

Skill      XL: |  1  2  3  4  5  6  7 |
---------------+----------------------+-----
Necromancy     | 5 7 8 |  8.3
Fighting       | 1 2 |  2.2
Dodging        | 3 |  3.9
Stealth        | 3 |  3.3
Spellcasting   | 4 5 6 |  6.3
Staves         | 1 |  1.3
Evocations     | |  0.2

Action                   |  1- 3 |  4- 6 |  7- 9 || total
-------------------------+-------+-------+-------++-------
Melee: Unarmed           |     1 |     2 |       ||     3
       Whip              |       |    30 |    34 ||    64
 Cast: Pain              |    57 |    64 |    13 ||   134
       Vampiric Draining |     1 |    10 |    10 ||    21
       Animate Dead      |       |     2 |     1 ||     3
Evoke: Wand              |       |     3 |       ||     3
  Use: Scroll            |     2 |     4 |     1 ||     7
       Potion            |       |       |     1 ||     1
 Stab: Sleeping          |       |     2 |       ||     2
Armor: Robe              |     7 |     9 |    32 ||    48
Dodge: Dodged            |    15 |    49 |    69 ||   133
